 Dungeon Crawl Stone Soup version 0.19.1-1-g22dce08 (console) character file.

8189 Kloppie the Cleaver (level 11, 0/153 HPs)
             Began as a Grey Draconian Berserker on Jan 15, 2017.
             Was a High Priest of Trog.
             Slain by an ice dragon (10 damage)
             ... on level 9 of the Dungeon.
             The game lasted 00:12:33 (7311 turns).

Kloppie the Cleaver (Grey Draconian Berserker)      Turns: 7311, Time: 00:12:33

Health: 0/153      AC: 18    Str: 25    XL:     11   Next: 6%
Magic:  11/11      EV: 16    Int:  7    God:    Trog [*****.]
Gold:   461        SH:  0    Dex: 14    Spells: 0 memorised, 10 levels left

rFire  + . .     SeeInvis .     a - +1 hand axe (elec)
rCold  . . .     Gourm    .     (armour unavailable)
rNeg   . . .     Faith    .     (no shield)
rPois  .         Spirit   .     (helmet restricted)
rElec  .         Reflect  .     A - +1 cloak
rCorr  .         Harm     .     q - +2 pair of gloves
MR     ++...                    s - +0 pair of boots
Stlth  ..........               (no amulet)
                                r - +2 ring of slaying
                                m - ring of protection from fire

@: berserking, regenerating, slowed
A: walk through water, unfitting armour, unbreathing, cold-blooded, AC +12
a: Berserk, Trog's Hand, Brothers in Arms, Burn Spellbooks, Renounce Religion


You were on level 9 of the Dungeon.
You worshipped Trog.
Trog was extremely pleased with you.
You were not hungry.

You visited 1 branch of the dungeon, and saw 9 of its levels.
You also visited: Sewer.

You collected 528 gold pieces.
You spent 67 gold pieces at shops.

Inventory:

Hand Weapons
 a - a +1 hand axe of electrocution (weapon)
 l - a +0 hand axe
 t - a cursed -1 war axe
 u - a +5 antimagic battleaxe
 G - a +2 battleaxe of freezing
Armour
 q - a +2 pair of gloves (worn)
 s - a +0 pair of boots (worn)
 A - a +1 cloak (worn)
Jewellery
 m - a ring of protection from fire (left hand)
 p - an uncursed ring of flight
 r - a +2 ring of slaying (right hand)
Wands
 j - a wand of lightning (7/15)
 C - a wand of lightning (5/15)
 F - a wand of random effects (35/48)
Scrolls
 d - 5 scrolls of remove curse
 e - 2 scrolls of identify
 i - a scroll of amnesia
 w - a scroll of blinking
 x - 2 scrolls of teleportation
 y - 2 scrolls of fog
 B - 2 scrolls of fear
 D - a scroll of noise
 K - a scroll of immolation
Potions
 c - 3 potions of magic
 g - a potion of lignification
 h - 7 potions of agility
 k - a potion of cure mutation
 v - 3 potions of curing
 E - a potion of brilliance
 I - a potion of berserk rage
Comestibles
 b - 9 bread rations
 f - a beef jerky
 n - 15 fruits
 o - 3 meat rations
 H - 2 slices of pizza
 J - 4 chunks of flesh


   Skills:
 + Level 11.4 Fighting
 + Level 12.2 Axes
 - Level 6.8 Dodging


You had 10 spell levels left.
You didn't know any spells.

Dungeon Overview and Level Annotations

Branches:
Dungeon (9/15)             Temple (0/1) D:6
   Lair: D:8-11         Orc: D:9-12

Altars:
Ashenzari
Elyvilon
Gozag
Hepliaklqana
Makhleb
Nemelex Xobeh
Qazlal
Ru
Sif Muna
Vehumet
Zin
The Shining One

Shops:
D:5 [*   D:6 %   D:9 (


Innate Abilities, Weirdness & Mutations

You can walk through water.
Your dull iron-grey scales are very hard. (AC +12)
You cannot fit into any form of body armour.
You can survive without breathing.
You are cold-blooded and may be slowed by cold attacks.


Message History

You are engulfed in freezing vapours.
* * * LOW HITPOINT WARNING * * *
The ice dragon closely misses you.
The ice dragon claws you but does no damage.
The ice dragon tramples you but does no damage.
You hit the ice dragon but do no damage.
There is a sudden explosion of sparks!
You tail-slap the ice dragon.
The ice dragon is severely wounded.
The ice dragon bites you.
* * * LOW HITPOINT WARNING * * *
The ice dragon barely misses you.
The ice dragon tramples you but does no damage.
You barely miss the ice dragon.
The ice dragon is severely wounded.
You barely miss the ice dragon. You tail-slap the ice dragon!
The ice dragon is almost dead.
The ice dragon completely misses you.
The ice dragon claws you but does no damage.
The ice dragon tramples you!
You die...

#
##≈≈≈≈≈≈≈≈≈≈≈≈≈≈#..#.##
#≈≈≈≈≈≈###≈≈≈≈≈≈#.....#
##≈≈≈####
###≈≈≈≈####..#
###≈≈≈######
##≈≈≈≈#..<..#
####≈≈≈≈####%o"
#≈≈≈≈##.#..## #≈≈≈≈≈≈##
#≈≈oo##≈≈≈≈##.#..#
≈≈≈≈≈≈##
#≈≈o≈#≈≈≈≈≈##.####
≈≈≈≈≈≈# #≈≈≈≈D≈≈≈≈###.#
≈≈≈≈≈## ##≈≈≈≈@≈≈##
#.### ≈≈≈≈≈# ###≈≈≈###
#>..# ≈≈≈≈≈# #####
#.#.#### ≈≈≈≈##
#.#"...# ≈≈≈≈# #...##.#
≈≈≈≈## #.#.##.# ≈≈≈≈≈#
#......# ≈≈≈≈≈##
#.#.#### ≈≈≈≈≈≈## #.#.#


You could see an ice dragon and 4 orcs.

Vanquished Creatures
  A frost giant (D:9)
  A centaur zombie (D:8)
  An ice statue (D:9)
  The ghost of fatfloppyjuicyveiny the Quickloader, a novice KoHu of Okawaru (D:5)
  Prince Ribbit (D:7)
  Sigmund (D:2)
  A spriggan (D:7)
  A steam dragon (D:9)
  Menkaure (D:7)
  A sky beast (D:7)
  2 orc warriors
  16 ice beasts
  3 phantoms
  Duvessa (D:6)
  2 ogres
  2 centaurs
  7 bullfrogs
  A big kobold (D:7)
  Dowan (D:6)
  A wyvern skeleton (D:7)
  2 scorpions (D:5)
  9 killer bees
  4 wights (D:9)
  5 electric eels (D:9)
  A howler monkey (D:6)
  3 crimson imps
  2 jellies (D:9)
  3 hounds
  7 orc priests
  Jessica (D:2)
  8 worker ants
  2 iguanas
  14 orc wizards
  Robin (D:2)
  4 gnolls (D:2)
  13 adders
  2 shadow imps
  An adder zombie (D:9)
  4 worms
  2 dart slugs
  7 leopard geckos
  29 orcs
  6 giant cockroaches
  12 goblins
  9 hobgoblins
  10 jackals
  12 kobolds
  6 quokkas
  2 ball pythons
  4 bats
  9 frilled lizards
  11 rats
251 creatures vanquished.

Notes
Turn   | Place    | Note
-------+----------+-------------------------------------------
     0 | D:1      | Kloppie the Draconian Berserker began the quest for the Orb.
     0 | D:1      | Reached XP level 1. HP: 19/19 MP: 1/1
   171 | D:1      | Reached XP level 2. HP: 27/27 MP: 2/2
   616 | D:2      | Reached XP level 3. HP: 24/33 MP: 3/3
   799 | D:2      | Noticed Jessica
   805 | D:2      | Killed Jessica
   805 | D:2      | Reached ** piety under Trog
   846 | D:2      | Reached skill level 4 in Axes
   988 | D:2      | Reached XP level 4. HP: 41/41 MP: 4/4
   999 | D:2      | Found a glowing golden altar of the Shining One.
  1000 | D:2      | Noticed Robin
  1006 | D:2      | Killed Robin
  1143 | D:2      | Noticed Sigmund
  1151 | D:2      | Killed Sigmund
  1151 | D:2      | Reached skill level 5 in Fighting
  1151 | D:2      | Reached skill level 5 in Axes
  1151 | D:2      | Reached XP level 5. HP: 50/50 MP: 5/5
  1151 | D:2      | Reached XP level 6. HP: 57/57 MP: 6/6
  1283 | D:2      | Found a deep blue altar of Sif Muna.
  1619 | D:2      | Found a white marble altar of Elyvilon.
  1723 | D:3      | Found a shattered altar of Ashenzari.
  1762 | D:3      | Reached *** piety under Trog
  2469 | D:4      | Reached skill level 6 in Axes
  2469 | D:4      | Your scales start taking on a dull iron-grey colour.
  2469 | D:4      | Reached XP level 7. HP: 47/64 MP: 7/7
  2469 | D:4      | Gained mutation: You can survive without breathing. [Grey Draconian growth]
  2684 | D:4      | You fall through a shaft for 3 floors!
  2684 | D:7      | Noticed Menkaure
  2691 | D:7      | Killed Menkaure
  2698 | D:7      | Reached **** piety under Trog
  2700 | D:7      | Reached skill level 7 in Axes
  2701 | D:7      | Reached XP level 8. HP: 74/74 MP: 8/8
  2739 | D:7      | Gained mutation: You have large cloven feet. [potion of mutation]
  2739 | D:7      | Gained mutation: You have hoof-like feet. [potion of mutation]
  2739 | D:7      | Gained mutation: You occasionally shout uncontrollably at your foes. [potion of mutation]
  2739 | D:7      | HP: 1/74 [killer bee (7)]
  3002 | D:5      | Entered Level 5 of the Dungeon
  3093 | D:5      | Noticed fatfloppyjuicyveiny's ghost (novice KoHu)
  3105 | D:5      | Killed fatfloppyjuicyveiny's ghost
  3105 | D:5      | Reached skill level 8 in Axes
  3198 | D:5      | Found Fusun's Antique Armour Shoppe.
  3270 | D:5      | Found Launig's Luxury Loot.
  3601 | D:5      | Found a glowing drain.
  3612 | Sewer    | Entered a sewer
  3957 | D:5      | Gained mutation: You have hooves in place of feet. [potion of mutation]
  3957 | D:5      | Lost mutation: You have hooves in place of feet. [potion of mutation]
  3965 | D:5      | Lost mutation: You occasionally shout uncontrollably at your foes. [potion of cure mutation]
  3965 | D:5      | Lost mutation: You have hoof-like feet. [potion of cure mutation]
  3965 | D:5      | Lost mutation: You have large cloven feet. [potion of cure mutation]
  4134 | D:5      | Bought a cursed ring of loudness for 67 gold pieces
  4236 | D:6      | Found a staircase to the Ecumenical Temple.
  4237 | D:6      | Found Xymegint's Food Emporium.
  4291 | D:6      | Reached XP level 9. HP: 66/83 MP: 9/9
  4314 | D:6      | Found a radiant altar of Vehumet.
  4337 | D:6      | Reached ***** piety under Trog
  4525 | D:6      | Noticed Duvessa
  4529 | D:6      | Noticed Dowan
  4532 | D:6      | Killed Duvessa
  4532 | D:6      | Reached skill level 9 in Axes
  4538 | D:6      | Killed Dowan
  4674 | D:6      | Found a hazy altar of Hepliaklqana.
  4991 | D:7      | Reached skill level 5 in Dodging
  5106 | D:7      | Noticed Prince Ribbit
  5131 | D:7      | Killed Prince Ribbit
  5131 | D:7      | Reached skill level 10 in Axes
  5136 | D:7      | Found an opulent altar of Gozag.
  5305 | D:8      | Found a burning altar of Makhleb.
  5400 | D:8      | Found a stormy altar of Qazlal.
  5581 | D:8      | Reached XP level 10. HP: 89/91 MP: 10/10
  6076 | D:9      | Received a gift from Trog
  6080 | D:9      | Noticed an ice statue
  6208 | D:9      | Reached skill level 11 in Axes
  6215 | D:9      | Reached skill level 10 in Fighting
  6429 | D:9      | Found a glowing silver altar of Zin.
  6458 | D:9      | Found Ywnock's Weapon Shop.
  6650 | D:9      | Found a sparkling altar of Nemelex Xobeh.
  6651 | D:9      | Found a sacrificial altar of Ru.
  6841 | D:9      | Killed an ice statue
  7023 | D:9      | Noticed a frost giant
  7035 | D:9      | Killed a frost giant
  7035 | D:9      | Reached skill level 12 in Axes
  7035 | D:9      | Reached XP level 11. HP: 92/102 MP: 11/11
  7301 | D:9      | Noticed an ice dragon
  7311 | D:9      | Slain by an ice dragon

Skill      XL: |  1  2  3  4  5  6  7  8  9 10 |
---------------+-------------------------------+-----
Fighting       | 4 5 6 8 9 11 | 11.4
Axes           | 4 5 6 7 8 10 12 | 12.2
Dodging        | 3 6 |  6.8

Action                   |  1- 3 |  4- 6 |  7- 9 | 10-12 || total
-------------------------+-------+-------+-------+-------++-------
Melee: Hand axe          |    68 |   144 |   301 |   178 ||   691
       Tailslap          |     6 |    13 |    40 |    32 ||    91
       Kick              |       |       |     6 |       ||     6
Invok: Berserk           |       |     3 |     3 |     4 ||    10
       Trog's Hand       |       |       |     2 |     3 ||     5
  Use: Potion            |       |       |    11 |     3 ||    14
       Scroll            |       |       |     6 |     3 ||     9
 Stab: Sleeping          |     1 |       |     3 |       ||     4
  Eat: Chunk             |       |     8 |    14 |     3 ||    25
       Meat ration       |       |       |       |     2 ||     2
Armor: Skin              |    18 |    37 |   107 |    66 ||   228
Dodge: Dodged            |    43 |   107 |   169 |   137 ||   456
